 Dungeon Crawl Stone Soup version 0.29.1 (webtiles) character file.

Game seed: 5431313839507230806

2343 inmateoo the Skirmisher (level 9, -10/68 HPs)
             Began as a Barachi Hunter on Sept 12, 2022.
             Was a Believer of Nemelex Xobeh.
             Mangled by Grum
             ... wielding a +0 spear
              (14 damage)
             ... on level 8 of the Dungeon.
             The game lasted 00:08:59 (7015 turns).

inmateoo the Skirmisher (Barachi Hunter)            Turns: 7015, Time: 00:09:00

Health: -10/68     AC: 10    Str: 14    XL:     9   Next: 43%
Magic:  11/11      EV: 15    Int:  9    God:    Nemelex Xobeh [**....]
Gold:   445        SH:  0    Dex: 19    Spells: 6/8 levels left

rFire   . . .      SeeInvis .   a - +0 shortbow (freeze)
rCold   . . .      Faith    .   (shield currently unavailable)
rNeg    + . .      Spirit   .   w - +0 swamp dragon scales
rPois   +          Reflect  .   r - +0 helmet
rElec   .          Harm     .   (no cloak)
rCorr   .          Rampage  .   e - +0 pair of gloves
Will    .....                   s - +0 pair of boots
Stlth   ++........              D - amulet of the acrobat
HPRegen 0.21/turn               t - ring of poison resistance
MPRegen 0.12/turn               f - ring of positive energy

@: unable to hop, slowed, very slow
A: amphibious, slowness 1, strong legs 1, +LOS
a: Hop, Renounce Religion, Draw Escape, Draw Destruction, Draw Summoning


You were on level 8 of the Dungeon.
You worshipped Nemelex Xobeh.
Nemelex Xobeh was pleased with you.
You visited 2 branches of the dungeon, and saw 9 of its levels.

You collected 445 gold pieces.

Inventory:

Hand Weapons
 a - a +0 shortbow of freezing (weapon)
 y - a +0 spear of venom
Missiles
 n - a throwing net
Armour
 e - a +0 pair of gloves (worn)
 r - a +0 helmet (worn)
 s - a +0 pair of boots (worn)
 w - +0 swamp dragon scales (worn)
Jewellery
 f - a ring of positive energy (right hand)
 t - a ring of poison resistance (left hand)
 v - a ring of flight
 D - an amulet of the acrobat (around neck)
Wands
 d - a wand of polymorph (8)
 g - a wand of digging (3)
 i - a wand of quicksilver (21)
 p - a wand of paralysis (15)
Scrolls
 b - 4 scrolls of immolation
 c - 5 scrolls of magic mapping
 m - a scroll of amnesia
 o - 2 scrolls of poison
 q - a scroll of enchant armour {unknown}
 E - a scroll of identify
Potions
 h - a potion of cancellation
 j - 2 potions of berserk rage
 k - 3 potions of curing
 l - 2 potions of mutation
 u - 2 potions of ambrosia {unknown}
 x - 2 potions of degeneration {unknown}
 z - a potion of lignification {unknown}
 B - a potion of brilliance {unknown}
 C - a potion of heal wounds {unknown}


   Skills:
 - Level 5.0 Fighting
 + Level 8.6 Ranged Weapons
 - Level 8.0 Dodging
 - Level 4.0 Stealth
 + Level 3.3 Invocations


You had 6 spell levels left.
You knew the following spells:

 Your Spells              Type           Power      Damage    Failure   Level
a - Blink                 Tloc           0%         N/A       77%         2

Your spell library contained the following spells:

 Spells                   Type           Power      Damage    Failure   Level
 Apportation              Tloc           0%         N/A       63%         1
 Foxfire                  Conj/Fire      0%         2x1d4     63%         1
 Necrotise                Necr           0%         1d4       63%         1
 Summon Small Mammal      Summ           0%         N/A       63%         1
 Static Discharge         Conj/Air       0%         3-3/arc   77%         2
 Conjure Flame            Conj/Fire      0%         6-21      94%         3
 Inner Flame              Hex/Fire       0%         N/A       94%         3
 Animate Dead             Necr           0%         N/A       100%        4
 Cause Fear               Hex            0%         N/A       100%        4
 Flame Wave               Conj/Fire      0%         2d4       100%        4
 Petrify                  Tmut/Erth      0%         N/A       100%        4
 Lightning Bolt           Conj/Air       0%         1d11      100%        5
 Manifold Assault         Tloc           0%         N/A       100%        5
 Metabolic Englaciation   Hex/Ice        0%         N/A       100%        5
 Statue Form              Tmut/Erth      0%         N/A       100%        6
 Haunt                    Necr/Summ      0%         N/A       100%        7
 Storm Form               Tmut/Air       0%         N/A       100%        7
 Discord                  Hex            0%         N/A       100%        8
 Infestation              Necr           0%         N/A       100%        8
 Maxwell's Capacitive Co  Air            0%         ∞         100%        8


Dungeon Overview and Level Annotations

Branches:
Dungeon (8/15)             Temple (1/1) D:6
   Lair: D:8-11

Altars:
Dithmenos
Elyvilon
Fedhas
Gozag
Hepliaklqana
Kikubaaqudgha
Makhleb
Nemelex Xobeh
Okawaru
Ru
Sif Muna
Uskayaw
Vehumet
Wu Jian
Zin

Annotations:
D:8 Grum


Innate Abilities, Weirdness & Mutations

You are amphibious.
You cover ground slowly.
You can hop short distances.
You have an extended range of vision and can be seen from far away.


Message History

Aim: Grum, wielding a +0 spear and wearing a +0 animal skin (moderately wounded)
The mass of ice explodes!
The iceblast engulfs Grum!
Grum is severely wounded.
The iceblast engulfs the death drake!
The death drake is severely wounded.
The now-empty wand crumbles to dust.
You hear an angry hiss.
The death drake breathes miasma at you. The foul vapour engulfs you!
You feel as though you will be slow longer.
* * * LOW HITPOINT WARNING * * *
Grum hits you from afar with a +0 spear!
* * * LOW HITPOINT WARNING * * *
The death drake bites you!
* * * LOW HITPOINT WARNING * * *
Grum hits you but does no damage.
Okay, then.
Unknown command.
Hop to where?
Press: ? - help, Dir - move target, p - Grum A wyvern comes into view.
Boing!
The wolf howls!
You hear a croak.
A wyvern comes into view.
Grum glances around and shouts, "Lady!
Here boy!"
You feel better.
The wolf stops to sniff the ground.
Grum misses you.
Grum hits you from afar with a +0 spear!
* * * LOW HITPOINT WARNING * * *
The death drake barely misses you.
You feel better.
The wyvern hisses angrily.
The wolf howls!
The wolf closely misses you. The wolf barely misses you.
The death drake bites you.
* * * LOW HITPOINT WARNING * * *
A steam dragon comes into view.
Grum hits you from afar with a +0 spear!
You die...
Your body glows slightly and disappears.

.)....#..########
# ....
##.........## ..
#.#######... #..#
##. #######.## #.
##...###..### #.
##.....##....# ..
#......$#....##
..
#.@k....#.....#
##
#.h.g..[##....#
##.....###....#
##h.)## ###..#
####'########.#
#....l........#
#....h........#
#†..[..D......#
#.########'####


You could see a death drake, Grum, a steam dragon (wandering), a wyvern and 3
wolves.

Vanquished Creatures
  Maggie (D:8)
  A steam dragon (D:8)
  A water moccasin (shapeshifter) (D:8)
  A water moccasin (D:8)
  3 sky beasts
  A wolf (D:8)
  3 ogres
  2 phantoms
  3 bullfrogs
  A necrophage (D:6)
  A howler monkey (D:4)
  5 hounds
  A gnoll bouda (D:6)
  5 iguanas
  2 orc wizards
  Robin (D:2)
  7 gnolls
  8 adders
  A white imp (D:6)
  5 worms
  2 dart slugs
  14 orcs
  8 endoplasms
  3 giant cockroaches
  19 goblins
  12 hobgoblins
  9 jackals
  4 quokkas
  9 ball pythons
  8 bats
  3 frilled lizards
  11 kobolds
  7 rats
162 creatures vanquished.

Notes
Turn   | Place    | Note
-------+----------+-------------------------------------------
     0 | D:1      | inmateoo the Barachi Hunter began the quest for the Orb.
     0 | D:1      | Reached XP level 1. HP: 17/17 MP: 1/1
    40 | D:1      | Reached skill level 1 in Stealth
   121 | D:1      | Reached XP level 2. HP: 23/23 MP: 2/2
   138 | D:1      | Reached XP level 3. HP: 18/28 MP: 3/3
   918 | D:2      | Reached XP level 4. HP: 26/35 MP: 2/4
  1199 | D:2      | You fall into a shaft and drop 2 floors!
  1233 | D:4      | Noticed an ogre
  1240 | D:4      | Killed an ogre
  1241 | D:4      | Reached XP level 5. HP: 41/41 MP: 5/5
  1277 | D:4      | Reached skill level 5 in Ranged Weapons
  1938 | D:3      | Reached XP level 6. HP: 47/47 MP: 6/6
  2864 | D:2      | Noticed Robin
  2883 | D:2      | Killed Robin
  3250 | D:4      | Found a white marble altar of Elyvilon.
  3416 | D:4      | Reached XP level 7. HP: 52/52 MP: 7/7
  3558 | D:5      | Entered Level 5 of the Dungeon
  3586 | D:5      | Found an ornate altar of the Wu Jian Council.
  3636 | D:5      | Reached skill level 5 in Dodging
  3986 | D:5      | Found a hazy altar of Hepliaklqana.
  4544 | D:6      | Found an ancient bone altar of Kikubaaqudgha.
  4627 | D:6      | Found a staircase to the Ecumenical Temple.
  4721 | Temple   | Entered the Ecumenical Temple
  4758 | Temple   | Became a worshipper of Nemelex Xobeh the Trickster
  5052 | D:6      | Reached XP level 8. HP: 54/58 MP: 6/8
  5411 | D:6      | Found a shadowy altar of Dithmenos.
  5449 | D:6      | Learned a level 2 spell: Blink
  5736 | D:7      | Reached * piety under Nemelex Xobeh
  5812 | D:7      | Received a gift from Nemelex Xobeh
  5833 | D:7      | Found a radiant altar of Vehumet.
  5833 | D:7      | Found an opulent altar of Gozag.
  6001 | D:7      | Reached skill level 1 in Invocations
  6313 | D:8      | Noticed Maggie
  6348 | D:8      | Killed Maggie
  6349 | D:8      | Reached XP level 9. HP: 21/65 MP: 8/10
  6712 | D:8      | Reached ** piety under Nemelex Xobeh
  6766 | D:8      | Reached skill level 5 in Fighting
  6807 | D:8      | Identified the +1 chain mail "Mitorupt" {Str+2}
  6810 | D:8      | Noticed a cane toad
  6814 | D:8      | Noticed a harpy
  6815 | D:8      | Noticed Grum
  6994 | D:8      | Noticed a death drake
  7012 | D:8      | HP: 1/68 [death drake (shapeshifter) (8)]
  7015 | D:8      | Mangled by Grum

Illustrated notes

Levels and vault maps discovered:
D:1:      dpeg_arrival_brainrot, layout_basic, st_stairs_9
D:2:      minmay_kobold_bridge, layout_basic, st_stairs_1, uniq_robin
D:3:      layout_basic
D:4:      layout_loops_ring, elyvilon_altar_3, grunt_decor_arrowhead
D:5:      layout_loops_ring, nicolae_wu_jian_wuxing_cycle,
          nicolae_overflow_crystal_walls
D:6:      layout_basic, lemuel_tele_altar, kiku_gazebo_pond_becter,
          temple_statues
D:7:      layout_basic, gammafunk_temple_overflow_wave
D:8:      minmay_opposing_rooms, layout_rooms, grunt_qazlal_clouds, uniq_grum,
          uniq_maggie
Temple:   nicolae_temple_two_arcs

Skill      XL: |  1  2  3  4  5  6  7  8  9 |
---------------+----------------------------+-----
Stealth        | 1 2 3 4 |  4.0
Fighting       | 3 4 5 |  5.0
Dodging        | 3 4 6 7 8 |  8.0
Ranged Weapons | 5 6 8 |  8.6
Invocations    | 2 3 |  3.3

Action                   |  1- 3 |  4- 6 |  7- 9 || total
-------------------------+-------+-------+-------++-------
Melee: Spear             |       |       |    59 ||    59
       Punch             |       |       |     1 ||     1
 Fire: Shortbow          |    87 |   186 |   271 ||   544
 Abil: Hop               |     1 |       |     5 ||     6
Evoke: Wand              |       |     1 |    15 ||    16
  Use: Scroll            |       |     9 |     5 ||    14
       Potion            |       |       |     2 ||     2
 Stab: Paralysed         |       |       |    22 ||    22
Armor: Leather armour    |     7 |       |    48 ||    55
       Ring mail         |     3 |    36 |     7 ||    46
       Swamp dragon scal |       |       |    13 ||    13
Dodge: Dodged            |    22 |    48 |   165 ||   235
